 Dungeon Crawl Stone Soup version 0.21.1-1-g345015f (webtiles) character file.

422 theblackcape the Caller (level 6, 0/44 HPs)
             Began as a Gnoll Summoner on June 22, 2018.
             Slain by a gnoll
             ... wielding a +0 club
              (2 damage)
             ... on level 4 of the Dungeon.
             The game lasted 00:14:26 (3933 turns).

theblackcape the Caller (Gnoll Summoner)            Turns: 3933, Time: 00:14:27

Health: 0/44       AC:  4    Str: 13    XL:     6   Next: 95%
Magic:  10/14      EV: 15    Int: 17    God:
Gold:   275        SH:  0    Dex: 15    Spells: 12/15 levels left

rFire    . . .     SeeInvis .   f - +3 quarterstaff (chaos)
rCold    + . .     Gourm    .   (shield currently unavailable)
rNeg     . . .     Faith    .   a - +0 robe
rPois    .         Spirit   .   (no helmet)
rElec    .         Reflect  .   s - +0 cloak
rCorr    .         Harm     .   e - +0 pair of gloves
MR       .....                  (no boots)
Stlth    +++.......             (no amulet)
HPRegen  0.14/turn              l - ring of protection from cold
MPRegen  0.14/turn              (no ring)

@: no status effects
A: distributed training, fangs 1, strong nose
a: no special abilities


You were on level 4 of the Dungeon.
You were not hungry.

You visited 1 branch of the dungeon, and saw 4 of its levels.

You collected 275 gold pieces.

Inventory:

Hand Weapons
 f - a +3 quarterstaff of chaos (weapon)
Armour
 a - a +0 robe (worn)
 e - a +0 pair of gloves (worn)
 s - a +0 cloak (worn)
Jewellery
 l - a ring of protection from cold (left hand)
Scrolls
 g - a scroll of teleportation {unknown}
 h - 6 scrolls of remove curse
 i - 2 scrolls of magic mapping {unknown}
 k - 4 scrolls of identify
Potions
 d - a potion of brilliance {unknown}
 j - a potion of haste {unknown}
 m - 2 potions of curing
 n - a potion of invisibility {unknown}
 o - a potion of lignification {unknown}
 r - a potion of heal wounds {unknown}
Books
 b - a book of Callings

   Spells                             Type                      Level
   a - Summon Small Mammal            Summoning                    1
   b - Call Imp                       Summoning                    2
   c - Call Canine Familiar           Summoning                    3
   d - Summon Guardian Golem          Hexes/Summoning              3
   e - Summon Lightning Spire         Summoning/Air                4
   f - Summon Ice Beast               Ice/Summoning                4
 q - a book of Cantrips

   Spells                             Type                      Level
   a - Confusing Touch                Hexes                        1
   b - Animate Skeleton               Necromancy                   1
   c - Summon Small Mammal            Summoning                    1
   d - Apportation                    Translocation                1
Comestibles
 c - 8 rations
 p - 2 chunks of flesh


   Skills:
 + Level 2.1 Fighting
 + Level 2.1 Short Blades
 + Level 2.1 Long Blades
 + Level 2.1 Axes
 + Level 2.1 Maces & Flails
 + Level 2.1 Polearms
 + Level 2.1 Staves
 + Level 2.1 Slings
 + Level 2.1 Bows
 + Level 2.1 Crossbows
 + Level 2.1 Throwing
 + Level 2.1 Armour
 + Level 5.0 Dodging
 + Level 4.7 Stealth
 + Level 2.1 Shields
 + Level 2.1 Unarmed Combat
 + Level 5.4 Spellcasting
 + Level 1.7 Conjurations
 + Level 1.7 Hexes
 + Level 1.7 Charms
 + Level 7.3 Summonings
 + Level 1.7 Necromancy
 + Level 1.7 Translocations
 + Level 1.7 Transmutations
 + Level 1.7 Fire Magic
 + Level 1.7 Ice Magic
 + Level 1.7 Air Magic
 + Level 1.7 Earth Magic
 + Level 1.7 Poison Magic
 + Level 2.3 Invocations
 + Level 2.1 Evocations


You had 12 spell levels left.
You knew the following spells:

 Your Spells              Type           Power        Failure   Level  Hunger
a - Summon Small Mammal   Summ           ####         1%          1    None
b - Call Imp              Summ           ####....     1%          2    #......


Dungeon Overview and Level Annotations

Branches:
Dungeon (4/15)
 Temple: D:4-7

Altars:
Dithmenos
Sif Muna


Innate Abilities, Weirdness & Mutations

Your experience applies equally to all skills.
You have very sharp teeth.
Your uncanny sense of smell can sniff out nearby items.


Message History

You barely miss the gnoll. The gnoll hits you. The gnoll closely misses you.
The gnoll hits you from afar with a halberd.
The gnoll hits you.
You are too injured to fight recklessly!
You are too injured to fight recklessly!
You are too injured to fight recklessly!
Some of the chunks of flesh in your inventory have rotted away.
Casting: Call Imp
Confirm with . or Enter, or press ? or * to list all spells.
A beastly little devil appears in a puff of frigid air.
The gnoll barely misses you.
The gnoll hits you from afar with a halberd!
* * * LOW HITPOINT WARNING * * *
The gnoll closely misses you.
Your white imp closely misses the gnoll.
Casting: Call Imp
Confirm with . or Enter, or press ? or * to list all spells.
A beastly little devil appears in a puff of flame.
The gnoll hits you with a club.
You die...

≈≈≈≈≈≈≈≈≈≈≈≈≈≈≈≈ ≈≈≈
≈≈.≈≈≈.≈..≈≈...≈≈ ≈≈≈
................. ...
..!.............. ...
................# .# ...
....>.....$...#.##.♣♣♣ #
..................♣♣.♣♣♣#
.......g.g....#..♣♣P..♣P♣#
P##..#..g@.5.....♣..PP♣..5
.... #.5.........♣P...5.♣.
... #.........#.♣♣♣...♣♣.
.. ............#..♣♣♣♣♣♣..
. ..#.#<....#....##♣♣♣♣#.)
..........#.....#.#.....
..#.......##.#......##.#
..##......##.##..#)##...
#......##...#.).#.._.


You could see 3 gnolls, a friendly crimson imp and a friendly white imp.

Vanquished Creatures
  A hound (D:4)
  2 worker ants (D:4)
  5 adders
  A gnoll (D:4)
  An ooze (D:4)
  An adder skeleton (D:3)
  A worm (D:3)
  2 dart slugs
  2 leopard geckos (D:3)
  3 orcs
  4 bats
  A goblin (D:2)
  2 hobgoblins
  9 jackals
  A kobold (D:2)
  A quokka (D:4)
  3 frilled lizards
  4 rats
44 creatures vanquished.

Vanquished Creatures (collateral kills)
  A phantom (D:4)
  A howler monkey (D:3)
  Crazy Yiuf (D:3)
  An orc priest (D:4)
  3 orc wizards (D:4)
  5 adders
  A worm (D:3)
  2 dart slugs (D:1)
  9 orcs
  3 bats (D:1)
  2 giant cockroaches (D:1)
  2 goblins (D:3)
  5 hobgoblins
  11 jackals
  A quokka (D:2)
  2 frilled lizards
  3 kobolds
  3 rats
56 creatures vanquished.

Grand Total: 100 creatures vanquished

Notes
Turn   | Place    | Note
-------+----------+-------------------------------------------
     0 | D:1      | theblackcape the Gnoll Summoner began the quest for the Orb.
     0 | D:1      | Reached XP level 1. HP: 13/13 MP: 6/6
   227 | D:1      | Reached XP level 2. HP: 19/19 MP: 4/7
   275 | D:1      | Learned a level 2 spell: Call Imp
  1003 | D:2      | Reached XP level 3. HP: 25/25 MP: 7/9
  1029 | D:2      | Reached skill level 5 in Spellcasting
  1176 | D:2      | Reached skill level 1 in Invocations
  1310 | D:2      | Reached skill level 1 in Fighting
  1310 | D:2      | Reached skill level 1 in Short Blades
  1310 | D:2      | Reached skill level 1 in Long Blades
  1310 | D:2      | Reached skill level 1 in Axes
  1310 | D:2      | Reached skill level 1 in Maces & Flails
  1310 | D:2      | Reached skill level 1 in Polearms
  1310 | D:2      | Reached skill level 1 in Staves
  1310 | D:2      | Reached skill level 1 in Slings
  1310 | D:2      | Reached skill level 1 in Bows
  1310 | D:2      | Reached skill level 1 in Crossbows
  1310 | D:2      | Reached skill level 1 in Throwing
  1310 | D:2      | Reached skill level 1 in Armour
  1310 | D:2      | Reached skill level 1 in Shields
  1310 | D:2      | Reached skill level 1 in Unarmed Combat
  1310 | D:2      | Reached skill level 1 in Evocations
  1468 | D:2      | Reached XP level 4. HP: 32/32 MP: 9/11
  1848 | D:3      | Found a shadowy altar of Dithmenos.
  2104 | D:3      | Reached skill level 1 in Conjurations
  2104 | D:3      | Reached skill level 1 in Hexes
  2104 | D:3      | Reached skill level 1 in Charms
  2104 | D:3      | Reached skill level 1 in Necromancy
  2104 | D:3      | Reached skill level 1 in Translocations
  2104 | D:3      | Reached skill level 1 in Transmutations
  2104 | D:3      | Reached skill level 1 in Fire Magic
  2104 | D:3      | Reached skill level 1 in Ice Magic
  2104 | D:3      | Reached skill level 1 in Air Magic
  2104 | D:3      | Reached skill level 1 in Earth Magic
  2104 | D:3      | Reached skill level 1 in Poison Magic
  2209 | D:3      | Reached XP level 5. HP: 27/37 MP: 5/12
  2884 | D:3      | Found a runed door.
  2891 | D:3      | Noticed Crazy Yiuf
  2901 | D:3      | Killed Crazy Yiuf
  3335 | D:4      | Reached XP level 6. HP: 20/44 MP: 9/13
  3524 | D:4      | Noticed a phantom
  3578 | D:4      | Killed a phantom
  3578 | D:4      | Reached skill level 5 in Dodging
  3685 | D:4      | Found a deep blue altar of Sif Muna.
  3931 | D:4      | HP: 2/44 [gnoll/halberd (13)]
  3933 | D:4      | Slain by a gnoll

Skill      XL: |  1  2  3  4  5  6 |
---------------+-------------------+-----
Spellcasting   | 5 |  5.4
Invocations    | 1 2 |  2.3
Fighting       | 1 2 |  2.1
Short Blades   | 1 2 |  2.1
Long Blades    | 1 2 |  2.1
Axes           | 1 2 |  2.1
Maces & Flails | 1 2 |  2.1
Polearms       | 1 2 |  2.1
Staves         | 1 2 |  2.1
Slings         | 1 2 |  2.1
Bows           | 1 2 |  2.1
Crossbows      | 1 2 |  2.1
Throwing       | 1 2 |  2.1
Armour         | 1 2 |  2.1
Shields        | 1 2 |  2.1
Unarmed Combat | 1 2 |  2.1
Evocations     | 1 2 |  2.1
Conjurations   | 1 |  1.7
Hexes          | 1 |  1.7
Charms         | 1 |  1.7
Necromancy     | 1 |  1.7
Translocations | 1 |  1.7
Transmutations | 1 |  1.7
Fire Magic     | 1 |  1.7
Ice Magic      | 1 |  1.7
Air Magic      | 1 |  1.7
Earth Magic    | 1 |  1.7
Poison Magic   | 1 |  1.7
Dodging        | 5 |  5.0
Stealth        | |  4.7
Summonings     | |  7.3

Action                   |  1- 3 |  4- 6 || total
-------------------------+-------+-------++-------
Melee: Unarmed           |    34 |       ||    34
       Bite              |     4 |     5 ||     9
       Short sword       |    24 |    19 ||    43
       Hand axe          |       |    43 ||    43
       Quarterstaff      |       |    40 ||    40
 Cast: Summon Small Mamm |    36 |    25 ||    61
       Call Imp          |     6 |    32 ||    38
  Use: Scroll            |       |     4 ||     4
 Stab: Sleeping          |    10 |     4 ||    14
  Eat: Chunk             |     2 |     8 ||    10
Armor: Robe              |    25 |    27 ||    52
Dodge: Dodged            |    73 |   114 ||   187
